 Dungeon Crawl Stone Soup version 0.21.0-25-ge575cb9 (webtiles) character file.

31783 Monsterracer the Fighter (level 13, -6/104 HPs)
             Began as a Mummy Chaos Knight on Jan 23, 2018.
             Killed by divine providence
             ... invoked by an orc priest
              (13 damage)
             ... on level 2 of the Orcish Mines on Jan 24, 2018.
             The game lasted 01:12:59 (25238 turns).

Monsterracer the Fighter (Mummy Chaos Knight)      Turns: 25238, Time: 01:13:00

Health: -6/104     AC: 19    Str: 23    XL:     13   Next: 27%
Magic:  16/17      EV:  8    Int: 14    God:    Xom [...*..]
Gold:   542        SH: 16    Dex: 13    Spells: 4/12 levels left

rFire    + . .     SeeInvis +   a - +9 war axe of Leifeck {venom, rF+ Stlth+}
rCold    + . .     Gourm    .   z - +0 shield
rNeg     + + +     Faith    .   C - +0 storm dragon scales
rPois    ∞         Spirit   .   r - +2 helmet {SInv}
rElec    +         Reflect  +   y - scarf {rC+ rF+}
rCorr    .         Harm     .   d - +1 pair of gloves
MR       ++...                  (no boots)
Stlth    ..........             t - +5 amulet of reflection
HPRegen  0.27/turn              F - +4 ring of strength
MPRegen  0.15/turn              f - ring of Zatyulej {rPois rC- MR+ Int+3}

@: no status effects
A: no food or potions, fire vulnerability, cold resistance 1, negative energy
resistance 3, torment resistance, unbreathing, in touch with death 1
a: Renounce Religion


You were on level 2 of the Orcish Mines.
You worshipped Xom.
You were a favourite toy of Xom.
You were not hungry.

You visited 3 branches of the dungeon, and saw 17 of its levels.
You also visited: Labyrinth.

You collected 1532 gold pieces.
You spent 990 gold pieces at shops.

Inventory:

Hand Weapons
 a - the +9 war axe of Leifeck (weapon) {venom, rF+ Stlth+}
   (You bought it in a shop on level 6 of the Dungeon)

   It poisons the flesh of those it strikes.
   It protects you from fire.
   It makes you more stealthy.
 b - a +1 flail of protection
 s - a +0 war axe of electrocution
Missiles
 e - 2 throwing nets (quivered)
Armour
 d - a +1 pair of gloves (worn)
 h - the +2 helmet of Afoylecs {Str+4}
   (You found it on level 3 of the Lair of Beasts)

   It affects your strength (+4).
 l - a +1 cloak
 p - a +0 large shield
 r - a +2 helmet of see invisible (worn)
 y - a scarf of resistance (worn)
 z - a +0 shield (worn)
 C - +0 storm dragon scales (worn)
 D - a +2 leather armour of magic resistance
Jewellery
 f - the ring of Zatyulej (right hand) {rPois rC- MR+ Int+3}
   (You took it off a minotaur in a labyrinth)

   [ring of protection from magic]

   It affects your intelligence (+3).
   It makes you vulnerable to cold.
   It protects you from poison.
   It affects your resistance to hostile enchantments.
 t - a +5 amulet of reflection (around neck)
 F - a +4 ring of strength (left hand)
Wands
 j - a wand of flame (33)
 n - a wand of clouds (3)
 o - a wand of polymorph (14)
 q - a wand of digging (35)
 v - a wand of acid (20)
Scrolls
 c - 3 scrolls of enchant weapon
 g - 6 scrolls of identify
 i - 3 scrolls of silence
 k - 4 scrolls of remove curse
 m - 2 scrolls of magic mapping {!r}
 A - a scroll of amnesia
Miscellaneous
 B - a fan of gales (inert)


   Skills:
 + Level 10.5 Fighting
 * Level 7.0(9.5) Axes
 - Level 10.0(10.9) Maces & Flails
 + Level 8.6 Armour
 - Level 3.6 Dodging
 * Level 6.9 Shields
 + Level 5.3 Evocations


You had 4 spell levels left.
You knew the following spells:

 Your Spells              Type           Power        Failure   Level  Hunger
a - Swiftness             Chrm/Air       #.......     100%        2    N/A
y - Deflect Missiles      Chrm/Air       #.........   100%        6    N/A

Dungeon Overview and Level Annotations

Branches:
Dungeon (11/15)            Temple (0/1) D:6            Lair (4/6) D:10
 Shoals (0/4) Lair:3       Spider (0/4) Lair:4          Orc (2/2) D:9
    Elf (0/3) Orc:2

Altars:
Ashenzari
Kikubaaqudgha
Vehumet
Wu Jian
Xom
Yredelemnul
Zin
The Shining One

Shops:
D:6 *

Annotations:
Lair:3 exclusion: 2 oklob plants


Innate Abilities, Weirdness & Mutations

You do not eat or drink.
Your flesh is vulnerable to fire.
You are immune to poison.
Your flesh is cold resistant. (rC+)
You are immune to negative energy. (rN+++)
You are immune to unholy pain and torment.
You can survive without breathing.
You are in touch with the powers of death.


Message History

Things that are here:
a hand axe of venom; a plate armour; an orc corpse Your ice beast hits the wraith but does no damage.
The wraith hits your ice beast!
Things that are here:
a club; a chain mail; an orc corpse Your ice beast barely misses the wraith.
The wraith hits your ice beast!
The wraith drains your ice beast's vigour!
Your ice beast seems to slow down.
An orc warrior comes into view. It is wielding a hand axe.
The orc priest looks encouraged for a moment.
The wraith hits your ice beast!
Your ice beast misses the wraith.
Josephine hits your ice beast with a dagger of venom!
Your ice beast dies!
Things that are here:
a war axe of electrocution; a plate armour
s - a war axe of electrocution The orc knight roars a battlecry!
The orc warrior goes into a battle-frenzy!
The orc priest shouts!
You hit the orc knight but do no damage.
You block the orc knight's attack.
You hit the orc knight but do no damage.
You slash the wraith! You block the orc knight's attack.
You hit the orc knight.
The orc knight is lightly wounded.
You hit Josephine.
Josephine is poisoned.
You hit the orc knight but do no damage.
The orc knight is lightly wounded.
You closely miss Josephine. You block the orc knight's attack.
Josephine hits you but does no damage.
You hit the orc knight but do no damage.
The orc knight is poisoned.
The orc knight is lightly wounded.
You hit Josephine.
Josephine looks as sick as possible!
The orc knight hits you with an enchanted war axe!
You emit a cloud of colourful smoke!
Josephine hits you with a dagger of venom.
You take 17 damage, and have 64/104 hp.
You slash Josephine!
Josephine looks as sick as possible!
Josephine is heavily wounded.
You slash the orc knight!
The orc knight looks as sick as possible!
The orc knight hits you with an enchanted war axe!
* * * LOW HITPOINT WARNING * * *
You block Josephine's attack.
You take 14 damage, and have 50/104 hp.
The orc priest looks encouraged for a moment.
The orc priest no longer looks unusually strong.
The orc knight roars a battlecry!
The orc priest goes into a battle-frenzy!
You see here a hand axe.
You slash Josephine!
Josephine is severely wounded.
Josephine gestures at you while chanting.
You convulse!
* * * LOW HITPOINT WARNING * * *
The orc priest mumbles some strange prayers to Beogh against you.
Beogh smites you!
* * * LOW HITPOINT WARNING * * *
Xom thinks this is hilarious!
You block the orc knight's attack.
You take 46 damage, and have 6/104 hp.
MASSIVE DAMAGE!!
Press: ? - help, v - describe, . - travel, g - get item
Here: Josephine, wielding a dagger of venom and wearing a robe (severely wounded, poisoned)
A hand axe.
The floor.
Press: ? - help, v - describe, . - travel, g - get item
Here: Josephine, wielding a dagger of venom and wearing a robe (severely wounded, poisoned)
A hand axe.
The floor.
Unknown command.
Evoke which item? (* to show all) (? for menu, Esc to quit)
Okay, then.
Okay, then.
Evoke which item? (* to show all) (? for menu, Esc to quit)
A fierce wind blows from the fan.
The monsters around you are blown away!
Evoke which item? (* to show all) (? for menu, Esc to quit)
Okay, then.
Evoke which item? (* to show all) (? for menu, Esc to quit)
Aiming: Polymorph
Press: ? - help, Shift-Dir - straight line, f - Josephine
Aim: Josephine, wielding a dagger of venom and wearing a robe (severely wounded, poisoned, chance to defeat MR: 27%)
Okay, then.
Evoke which item? (* to show all) (? for menu, Esc to quit)
Aiming: Corrosive Bolt
Press: ? - help, Shift-Dir - straight line, f - Josephine
Aim: Josephine, wielding a dagger of venom and wearing a robe (severely wounded, poisoned)
The bolt of acid hits Josephine.
Josephine is splashed with acid.
The acid corrodes Josephine!
You kill Josephine!
You feel your intelligence returning.
Your base Axes skill increases to level 7!
The bolt of acid hits the wraith.
The wraith is splashed with acid.
The wraith is heavily damaged.
The orc priest calls down the wrath of Beogh upon you.
Beogh smites you!
You die...
Xom chuckles heartily!

##))## #....... ##)§## ##..##...
##.o##### #†)[##... ## #§§o#..#
###.##.... ##.##
#§W....######.######... #...####
##....#.##.....# ###.
##..#.#.#####.)W..o...#.# #.
#.........#####)#......# ###.
##.........# ##@.)....#### #...
#.#.......(#####..........####...
.......[<...##...[)........#.....
.(.....[.....#....<..............
.................................
....................##...........
...(..#..........#####...........
.....###..........# ##..........
......##.........#####...........


You could see an orc knight, 2 wraiths, an orc warrior and an orc priest.

Vanquished Creatures
  A minotaur (Lab)
  Josephine (Orc:2)
  Erica (D:10)
  A hydra (D:10)
  The ghost of Mefis the Thaumaturge, a journeyman DEWz of Sif Muna (Lair:2)
  A two-headed ogre (D:10)
  An unseen horror (D:10)
  A glowing orange brain (D:9)
  2 orc knights (D:9)
  Pikel (D:5)
  2 orc sorcerers
  An ugly thing (D:9)
  2 merfolk sirens (Lair:3)
  Joseph (D:9)
  A black mamba (Lair:1)
  6 spiny frogs
  An orange demon (Orc:2)
  2 rime drakes
  2 komodo dragons
  A tyrant leech (Lair:1)
  A merfolk (Lair:3)
  4 trolls
  A slime creature (Orc:2)
  6 blink frogs
  A polar bear (Lair:2)
  4 hippogriffs
  Sigmund (D:2)
  A vampire (D:10)
  13 yaks
  2 wyverns
  A wraith (Orc:2)
  A basilisk (Lair:1)
  2 hungry ghosts
  6 wargs
  14 soldier ants (Lair:4)
  An acid dragon (Lair:4)
  5 porcupines
  The ghost of Nanban the Magician, an amateur DEFE (D:4)
  5 water moccasins
  2 hell hounds (Orc:1)
  17 orc warriors
  4 sky beasts
  2 ice beasts
  A slave (D:6)
  A necrophage (D:10)
  3 phantoms
  2 black bears
  5 ogres
  4 centaurs
  4 crocodiles
  4 big kobolds
  11 bullfrogs
  Blork the orc (D:4)
  2 wyvern zombies
  A scorpion (D:10)
  2 spriggan skeletons (Lab)
  A howler monkey (D:4)
  3 troll skeletons (Lab)
  An electric eel (Lair:3)
  4 lava snakes (Lab)
  2 quasits
  5 jellies
  A centaur skeleton (Lab)
  13 orc priests
  4 hounds
  16 orc wizards
  A bullfrog skeleton (D:5)
  5 iguanas
  16 worker ants
  A killer bee zombie (D:8)
  A hound skeleton (D:8)
  A worker ant zombie (D:5)
  Robin (D:3)
  10 adders
  3 gnolls (Orc:1)
  A howler monkey skeleton (D:8)
  2 river rats (Lair:3)
  A shadow imp (D:8)
  A worm (D:2)
  An adder skeleton (D:6)
  3 dart slugs
  6 leopard geckos
  88 orcs
  6 giant cockroaches
  12 goblins
  13 hobgoblins
  9 jackals
  5 quokkas
  2 ball pythons
  3 bats (D:1)
  5 frilled lizards
  22 kobolds
  A quokka skeleton (D:7)
  7 rats
  A fungus (Lair:4)
  2 plants
446 creatures vanquished.

Vanquished Creatures (collateral kills)
  Harold (Orc:1)
  A two-headed ogre (Orc:1)
  A merfolk siren (Lair:3)
  A komodo dragon (Lair:4)
  4 blink frogs (Lair:2)
  A wraith (Orc:2)
  A golden eye (Lair:4)
  2 yaks (Lair:4)
  A basilisk (Lair:2)
  2 wargs (Orc:1)
  A soldier ant (Lair:4)
  2 porcupines
  4 orc warriors
  An ogre (Orc:1)
  5 orc wizards (Orc:1)
  2 orc priests (Orc:1)
  2 worker ants (Lair:4)
  A gnoll (Orc:1)
  An adder (D:2)
  3 orcs
  A jackal (D:1)
38 creatures vanquished.

Vanquished Creatures (others)
  A centaur zombie (D:5)
  An iguana (D:5)
  A worker ant (Lair:4)
  4 orcs
  A hobgoblin (D:3)
  A kobold (D:10)
  9 fungi
  8 plants
26 creatures vanquished.

Grand Total: 510 creatures vanquished

Notes
Turn   | Place    | Note
-------+----------+-------------------------------------------
     0 | D:1      | Monsterracer the Mummy Chaos Knight began the quest for the Orb.
     0 | D:1      | Reached XP level 1. HP: 18/18 MP: 1/1
    75 | D:1      | Reached skill level 1 in Dodging
    77 | D:1      | Reached XP level 2. HP: 17/24 MP: 2/2
   287 | D:1      | Found a shattered altar of Ashenzari.
   992 | D:2      | Reached XP level 3. HP: 21/29 MP: 3/3
  1145 | D:2      | HP: 9/29 [worm (7)]
  1398 | D:2      | Noticed Sigmund
  1398 | D:2      | XOM: summons friendly white imp
  1402 | D:2      | XOM: mild Erth miscast
  1409 | D:2      | XOM: butterfly on damage
  1584 | D:2      | Killed Sigmund
  1584 | D:2      | Reached XP level 4. HP: 32/37 MP: 4/4
  1584 | D:2      | Reached XP level 5. HP: 36/42 MP: 5/5
  1671 | D:2      | Found a faded altar of an unknown god.
  1761 | D:2      | HP: 19/42 [something (4)]
  2061 | D:2      | Found a glowing golden altar of the Shining One.
  2233 | D:2      | XOM: noise
  2665 | D:3      | Found a radiant altar of Vehumet.
  2823 | D:3      | XOM: 5-stop teleportation journey
  2941 | D:3      | Noticed Robin
  2962 | D:3      | Killed Robin
  2962 | D:3      | Reached XP level 6. HP: 39/48 MP: 6/6
  3097 | D:3      | XOM: mild Summ miscast
  3250 | D:3      | XOM: butterfly on damage
  3258 | D:3      | XOM: smoke on damage
  3260 | D:3      | HP: 13/48 [orc priest/divine providence (14)]
  3261 | D:3      | XOM: mild Necr miscast
  3264 | D:3      | XOM: harmless Tloc miscast
  3864 | D:4      | Noticed Nanban's ghost (amateur DEFE)
  3962 | D:4      | XOM: potion effect (invisibility)
  4060 | D:4      | XOM: enchant monster (bad)
  4207 | D:4      | You fall through a shaft!
  4207 | D:5      | Entered Level 5 of the Dungeon
  4276 | D:5      | XOM: divination: detect creatures
  4279 | D:5      | XOM: potion effect (might)
  4286 | D:5      | Reached XP level 7. HP: 44/55 MP: 7/7
  4375 | D:5      | XOM: medium Tloc miscast
  4379 | D:5      | HP: 25/55 [acid (5)]
  4396 | D:5      | HP: 15/55 [acid (3)]
  4396 | D:5      | HP: 5/55 [acid (8)]
  4400 | D:5      | XOM: divination: detect creatures
  4430 | D:5      | XOM: potion effect (heal wounds)
  4544 | D:5      | XOM: harmless Chrm miscast
  4548 | D:5      | XOM: cloud trail
  4595 | D:5      | XOM: divination: magic mapping
  4603 | D:5      | XOM: confuse monster(s)
  4604 | D:5      | Reached skill level 5 in Axes
  4715 | D:4      | Noticed Blork the orc
  4725 | D:4      | Killed Blork the orc
  4768 | D:4      | XOM: god gift: 5 javelins of returning
  4837 | D:4      | XOM: scenery: 1 doors open, 1 doors close
  4890 | D:4      | XOM: silly message
  4892 | D:4      | XOM: noise
  4901 | D:4      | Reached skill level 5 in Fighting
  4943 | D:4      | XOM: harmless Necr miscast
  4970 | D:4      | XOM: scenery: create altars
  4972 | D:4      | XOM: noise
  4980 | D:4      | Killed Nanban's ghost
  4980 | D:4      | Reached XP level 8. HP: 53/62 MP: 8/8
  5201 | D:4      | XOM: god gift: 5 rations
  5203 | D:4      | XOM: polymorph orc -> ball python
  5233 | D:4      | XOM: god gift: book of Air
  5425 | D:5      | XOM: divine lightning
  5500 | D:5      | XOM: scenery: create altars
  5531 | D:5      | XOM: god gift: scroll labeled SAS NIEDDEW {god gift}
  5623 | D:5      | Found a glowing golden altar of the Shining One.
  5837 | D:6      | XOM: confuse monster(s)
  5850 | D:6      | Found Voginneu's General Store.
  5854 | D:6      | HP: 28/62 [ogre/giant spiked club (12)]
  6056 | D:6      | XOM: scenery: create altars
  6099 | D:6      | XOM: 1-stop teleportation journey
  6154 | D:6      | XOM: fog
  6174 | D:6      | XOM: divination: detect items
  6185 | D:6      | XOM: cast spell 'Leda's Liquefaction'
  6200 | D:6      | HP: 25/63 [ogre/giant spiked club (21)]
  6323 | D:6      | XOM is BORED!
  6323 | D:6      | XOM: summons 4 hostile demons
  6328 | D:6      | XOM: 7-stop teleportation journey
  6443 | D:6      | XOM: cloud trail
  6580 | D:6      | XOM: polymorph orc -> hobgoblin
  6781 | D:6      | XOM: enchant monster (good)
  6784 | D:6      | XOM: cleaving
  6786 | D:6      | XOM: 5-stop teleportation journey
  6826 | D:6      | Found a staircase to the Ecumenical Temple.
  6905 | D:6      | XOM: fog
  6917 | D:6      | Reached skill level 1 in Maces & Flails
  6986 | D:6      | Noticed Pikel
  7004 | D:5      | XOM: cast spell 'Summon Butterflies'
  7010 | D:5      | XOM: summons 2 friendly demons
  7019 | D:5      | XOM: divination: detect items
  7021 | D:5      | XOM: cleaving
  7041 | D:5      | XOM: mild Summ miscast
  7053 | D:5      | Killed Pikel
  7053 | D:5      | Reached XP level 9. HP: 41/70 MP: 9/9
  7259 | D:6      | Got an ichor-stained quarterstaff
  7333 | D:6      | Identified the cursed +2 quarterstaff of Vosoc {venom, +Inv rN+} (You found it on level 6 of the Dungeon)
  7373 | D:7      | Reached skill level 5 in Armour
  7386 | D:7      | XOM: stat loss: -1 Dex (11/12)
  7389 | D:7      | XOM: noise
  7415 | D:7      | XOM: harmless Chrm miscast
  7644 | D:7      | Found a glowing silver altar of Zin.
  7662 | D:7      | Got an ancient dagger
  7673 | D:7      | Found a shattered altar of Ashenzari.
  8092 | D:7      | XOM: medium Conj miscast
  8436 | D:8      | XOM: harmless Ice miscast
  8467 | D:8      | Got an ancient robe
  8505 | D:8      | You fall through a shaft for 3 floors!
  8871 | D:11     | Noticed a two-headed ogre
  8873 | D:11     | XOM: summons 3 friendly demons
  8890 | D:10     | Entered Level 10 of the Dungeon
  8890 | D:10     | Noticed a troll
  8954 | D:9      | Noticed a brown ugly thing
  8979 | D:9      | Killed a brown ugly thing
  8979 | D:9      | Reached skill level 5 in Maces & Flails
  8979 | D:9      | Reached XP level 10. HP: 79/79 MP: 10/10
  8985 | D:9      | Found a staircase to the Orcish Mines.
  9029 | D:9      | XOM: 2-stop teleportation journey
  9037 | D:9      | HP: 36/79 [ogre/giant club (6)]
  9039 | D:9      | XOM: noise
  9040 | D:9      | HP: 16/79 [orc warrior/scimitar (9)]
  9100 | D:9      | HP: 23/79 [orc (3)]
  9110 | D:9      | XOM: mild Chrm miscast
  9136 | D:9      | HP: 18/79 [ogre/giant club (13)]
  9184 | D:9      | Noticed Joseph
  9199 | D:8      | HP: 25/80 [orc/falchion (4)]
  9204 | D:8      | XOM: noise
  9206 | D:8      | HP: 19/80 [killer bee zombie (3)]
  9211 | D:8      | HP: 20/80 [killer bee zombie (1)]
  9228 | D:8      | HP: 20/80 [acid (3)]
  9240 | D:8      | HP: 15/80 [hippogriff (4)]
  9241 | D:8      | XOM: 1-stop teleportation journey
  9553 | D:8      | Reached skill level 1 in Evocations
  9634 | D:8      | XOM: chaos upgrade
  9685 | D:8      | XOM: medium Ice miscast
  9754 | D:8      | XOM: noise
  9840 | D:8      | XOM: summons 3 hostile demons
 10082 | D:9      | XOM: chaos upgrade
 10094 | D:9      | XOM: mild Fire miscast
 10322 | D:9      | XOM: harmless Ice miscast
 10327 | D:9      | Killed Joseph
 10406 | D:9      | XOM: mild Air miscast
 10505 | D:9      | XOM: cloud trail
 10847 | D:9      | XOM: harmless Hex miscast
 10876 | D:10     | Noticed an unseen horror
 10900 | D:10     | XOM: swap monsters
 10916 | D:10     | XOM: smoke on damage
 10921 | D:10     | HP: 39/80 [unseen horror (6)]
 10930 | D:10     | Killed an unseen horror
 11077 | D:10     | XOM: 2-stop teleportation journey
 11087 | D:10     | Noticed a two-headed ogre
 11089 | D:10     | XOM: divination: detect creatures
 11108 | D:10     | Found a staircase to the Lair.
 11223 | D:10     | Noticed Erica
 11239 | D:10     | Killed Erica
 11452 | D:10     | XOM: enchant monster (good)
 11477 | D:10     | HP: 38/82 [two-headed ogre/giant club (6)]
 11478 | D:10     | Killed a two-headed ogre
 11564 | D:10     | XOM is BORED!
 11564 | D:10     | XOM: mild Chrm miscast
 11679 | D:10     | XOM: confuse monster(s)
 11708 | D:10     | Got a translucent short sword
 12037 | D:10     | Reached XP level 11. HP: 84/87 MP: 13/13
 12232 | D:10     | Noticed a six-headed hydra
 12239 | D:10     | XOM: potion effect (haste)
 12248 | D:10     | Killed a six-headed hydra
 12641 | D:10     | XOM: potion effect (invisibility)
 12649 | D:10     | Found a basalt altar of Yredelemnul.
 13412 | Lair:1   | Entered Level 1 of the Lair of Beasts
 13648 | Lair:1   | Found an ancient bone altar of Kikubaaqudgha.
 13648 | Lair:1   | XOM: 2-stop teleportation journey
 13655 | Lair:1   | XOM: 10-stop teleportation journey
 13862 | Lair:1   | XOM: mild Hex miscast
 13865 | Lair:1   | Noticed a six-headed hydra
 13880 | Lair:1   | XOM: blink monster(s)
 13883 | Lair:1   | XOM: confusion
 13886 | Lair:1   | XOM: enchant monster (good)
 13907 | Lair:2   | Found an ornate altar of the Wu Jian Council.
 13939 | Lair:2   | HP: 43/87 [blink frog (7)]
 13941 | Lair:2   | XOM: god gift: wand of acid (13)
 13948 | Lair:2   | HP: 37/87 [blink frog (2)]
 13951 | Lair:2   | HP: 17/87 [porcupine (5)]
 13953 | Lair:2   | XOM: summons 11 friendly demons
 13986 | Lair:2   | XOM: summons 2 hostile demons
 14120 | Lair:2   | XOM: 1-stop teleportation journey
 14268 | Lair:2   | XOM: harmless Summ miscast
 14348 | Lair:2   | HP: 44/89 [komodo dragon (9)]
 14356 | Lair:2   | HP: 41/89 [blink frog (5)]
 14555 | Lair:2   | XOM: stat loss: -1 Int (10/11)
 14628 | Lair:2   | Noticed Mefis's ghost (journeyman DEWz)
 14889 | Lair:2   | XOM: mild Tmut miscast
 14931 | Lair:1   | XOM: harmless Erth miscast
 14932 | Lair:1   | Got a brightly glowing falchion
 14953 | Lair:1   | XOM: enchant monster (bad)
 14956 | Lair:1   | Reached skill level 1 in Shields
 15255 | Lair:1   | XOM: summons 5 hostile demons
 15400 | Lair:1   | a six-headed hydra changed into a tyrant leech
 15400 | Lair:1   | XOM: polymorph six-headed hydra -> tyrant leech
 15894 | Lair:1   | XOM: medium Summ miscast
 15966 | Lair:1   | XOM: scenery: create altars
 16242 | Lair:2   | XOM: scenery: create altars
 16377 | Lair:2   | XOM: fog
 16379 | Lair:2   | XOM: scenery: create altars
 16391 | Lair:2   | XOM: cast spell 'Disjunction'
 16399 | Lair:2   | XOM: fake destruction
 16411 | Lair:2   | XOM: swap monsters
 16417 | Lair:2   | XOM: 4-stop teleportation journey
 16558 | Lair:2   | XOM: polymorph polar bear -> rime drake
 16598 | Lair:2   | XOM: 1-stop teleportation journey
 16674 | Lair:2   | XOM: confuse monster(s)
 17018 | Lair:2   | XOM: cast spell 'Cause Fear'
 17173 | Lair:2   | XOM: blink monster(s)
 17191 | Lair:2   | XOM: cast spell 'Cause Fear'
 17439 | Lair:3   | XOM: smoke on damage
 17451 | Lair:2   | XOM: cast spell 'Disjunction'
 17498 | Lair:2   | XOM: summons 2 hostile demons
 17546 | Lair:2   | XOM: summons 5 hostile demons
 17673 | Lair:3   | Found a staircase to the Shoals.
 17674 | Lair:3   | XOM: swap monsters
 17684 | Lair:3   | HP: 32/89 [komodo dragon (14)]
 17697 | Lair:3   | Reached skill level 5 in Shields
 17910 | Lair:3   | XOM: smoke on damage
 17912 | Lair:3   | Reached XP level 12. HP: 64/95 MP: 15/15
 18144 | Lair:3   | XOM: summons friendly iron imp
 18200 | Lair:3   | XOM: enchant monster (bad)
 18215 | Lair:3   | XOM: fog
 18434 | Lair:3   | XOM: potion effect (haste)
 18444 | Lair:3   | XOM: harmless Conj miscast
 18703 | Lair:3   | XOM: summons 4 hostile demons
 18752 | Lair:3   | XOM is BORED!
 18752 | Lair:3   | XOM: medium Chrm miscast
 18844 | Lair:3   | XOM: enchant monster (bad)
 18851 | Lair:3   | Got an ichor-stained helmet
 18873 | Lair:3   | HP: 47/96 [spiny frog (4)]
 18874 | Lair:3   | XOM: summons 4 friendly demons
 18876 | Lair:3   | XOM: fake destruction
 18891 | Lair:2   | Identified the +2 helmet of Afoylecs {Str+4} (You found it on level 3 of the Lair of Beasts)
 19099 | Lair:2   | XOM: noise
 19111 | Lair:2   | HP: 40/96 [polar bear (15)]
 19330 | Lair:2   | XOM: blink monster(s)
 19346 | Lair:2   | XOM: blink monster(s)
 19364 | Lair:2   | XOM: cleaving
 19399 | Lair:2   | Killed Mefis's ghost
 19424 | Lair:2   | XOM: god gift: 24 bolts
 19529 | Lair:3   | XOM: mild Conj miscast
 19634 | Lair:4   | XOM: enchant monster (bad)
 19650 | Lair:4   | XOM: 5-stop teleportation journey
 19662 | Lair:4   | XOM: polymorph water moccasin -> black bear
 19702 | Lair:4   | Found a labyrinth entrance.
 19732 | Lab      | Entered a labyrinth
 19862 | Lab      | HP: 32/97 [lava snake/glob of lava (23)]
 20271 | Lab      | Noticed a minotaur
 20278 | Lab      | HP: 39/97 [minotaur/bardiche (23)]
 20283 | Lab      | HP: 12/97 [minotaur/bardiche (12)]
 20285 | Lab      | XOM: noise
 20288 | Lab      | HP: 12/97 [minotaur/bardiche (1)]
 20294 | Lab      | XOM: chaos upgrade
 20295 | Lab      | XOM: swap monsters
 20305 | Lab      | XOM: noise
 20315 | Lab      | Identified the Volume of Boosts
 20326 | Lab      | HP: 17/97 [minotaur/bardiche of chaos (5)]
 20333 | Lab      | Killed a minotaur
 20335 | Lab      | Got a translucent amber ring
 20337 | Lab      | Identified the ring of Zatyulej {rPois rC- MR+ Int+3} (You took it off a minotaur in a labyrinth)
 20361 | Lab      | Learned a level 2 spell: Swiftness
 20667 | Lair:4   | Learned a level 6 spell: Deflect Missiles
 20669 | Lair:4   | Found a hole to the Spider Nest.
 20676 | Lair:4   | XOM: repel stairs
 20685 | Lair:4   | XOM: destruction
 20697 | Lair:4   | XOM: polymorph soldier ant -> golden eye
 20705 | Lair:4   | XOM: cast spell 'Summon Dragon'
 20741 | Lair:4   | HP: 48/97 [yak (2)]
 20743 | Lair:4   | XOM: cast spell 'Summon Ice Beast'
 20752 | Lair:4   | XOM: noise
 20768 | Lair:4   | HP: 43/97 [yak (8)]
 20774 | Lair:4   | HP: 41/97 [yak (2)]
 20778 | Lair:4   | Reached skill level 10 in Fighting
 20786 | Lair:4   | HP: 43/97 [soldier ant (1)]
 20796 | Lair:4   | HP: 37/97 [soldier ant (5)]
 20819 | Lair:4   | HP: 41/97 [soldier ant (2)]
 20998 | Lair:4   | XOM: silly message
 21051 | Lair:4   | XOM: summons 5 hostile demons
 21069 | Lair:4   | Noticed an entropy weaver
 21089 | Lair:4   | Noticed a satyr
 21089 | Lair:4   | an entropy weaver changed into a satyr
 21094 | Lair:4   | HP: 46/97 [satyr (4)]
 21100 | Lair:4   | a satyr changed into a wolf spider
 21100 | Lair:4   | XOM: polymorph satyr -> wolf spider
 21104 | Lair:4   | HP: 34/97 [wolf spider (8)]
 21110 | Lair:4   | HP: 21/97 [sea snake (3)]
 21137 | Lair:4   | HP: 27/97 [soldier ant (1)]
 21138 | Lair:4   | XOM: summons friendly white imp
 21142 | Lair:4   | HP: 26/97 [soldier ant (2)]
 21483 | Lair:4   | XOM: polymorph soldier ant -> acid dragon
 21485 | Lair:4   | XOM: summons 12 friendly demons
 21581 | Lair:4   | Noticed an entropy weaver
 21614 | Lair:3   | XOM: 2-stop teleportation journey
 21722 | Orc:1    | Entered Level 1 of the Orcish Mines
 21912 | D:9      | XOM: summons friendly crimson imp
 21929 | Orc:1    | Noticed Harold
 21966 | D:9      | HP: 38/97 [orc knight/great mace (12)]
 21972 | D:9      | XOM: confuse monster(s)
 21977 | D:9      | HP: 32/97 [orc knight/great mace (9)]
 22446 | Orc:1    | Noticed an orc high priest
 22572 | D:9      | XOM: god gift: scroll of enchant weapon
 22649 | Orc:1    | XOM: scenery: create altars
 22657 | D:9      | an orc high priest changed into a glowing orange brain
 22657 | D:9      | XOM: polymorph orc high priest -> glowing orange brain
 22732 | Orc:1    | XOM: summons 3 friendly demons
 22745 | D:9      | HP: 46/97 [orc knight/dire flail (18)]
 22752 | D:9      | XOM: 2-stop teleportation journey
 22795 | D:9      | XOM: god gift: ebony longbow {god gift}
 22798 | D:9      | Got an ebony longbow {god gift}
 22799 | D:9      | Identified the +3 longbow of Dishonesty {chaos, rPois rC- Int+2} (Xom gifted it to you on level 9 of the Dungeon)
 22925 | D:9      | XOM: divination: magic mapping
 22944 | D:9      | XOM: enchant monster (good)
 22960 | D:9      | Reached skill level 5 in Evocations
 23089 | D:9      | Gained mutation: You are in touch with the powers of death. [Mummy growth]
 23089 | D:9      | Reached XP level 13. HP: 88/103 MP: 16/16
 23165 | D:9      | XOM: god gift: 18 stones
 23170 | D:9      | XOM: god gift: runed hand axe {god gift}
 23349 | Orc:1    | HP: 43/103 [Harold/bolt of fire (18)]
 23574 | Orc:1    | XOM: summons friendly quasit
 23579 | Orc:1    | XOM: summons friendly sixfirhy
 23583 | Orc:1    | Killed Harold
 23762 | Orc:1    | Reached skill level 10 in Maces & Flails
 23832 | Orc:1    | XOM: enchant monster (good)
 23900 | Orc:1    | XOM: 1-stop teleportation journey
 24214 | Orc:1    | XOM: 5-stop teleportation journey
 24538 | Orc:2    | Entered Level 2 of the Orcish Mines
 24569 | Orc:2    | XOM: divination: detect items
 24630 | Orc:2    | Found a staircase to the Elven Halls.
 24687 | Orc:2    | XOM: destruction
 24768 | D:6      | Bought the +9 war axe of Leifeck {venom, rF+ Stlth+} for 990 gold pieces
 24804 | D:8      | XOM: scenery: 1 doors close
 24816 | D:9      | XOM: cloud trail
 24859 | Orc:2    | XOM: 4-stop teleportation journey
 24880 | Orc:2    | XOM: 3-stop teleportation journey
 24967 | Orc:2    | XOM: cast spell 'Olgreb's Toxic Radiance'
 24968 | Orc:2    | XOM: summons 4 friendly demons
 24985 | Orc:2    | XOM: 4-stop teleportation journey
 25018 | Orc:2    | XOM: polymorph orc high priest -> slime creature
 25214 | Orc:2    | XOM: cast spell 'Summon Ice Beast'
 25217 | Orc:2    | Noticed Josephine
 25219 | Orc:2    | XOM: destruction
 25229 | Orc:2    | XOM: smoke on damage
 25230 | Orc:2    | HP: 50/104 [orc knight/enchanted war axe (14)]
 25236 | Orc:2    | HP: 16/104 [Josephine/dispel undead (36)]
 25236 | Orc:2    | HP: 6/104 [orc priest/divine providence (10)]
 25238 | Orc:2    | Killed Josephine
 25238 | Orc:2    | Killed from afar by an orc priest

Skill      XL: |  1  2  3  4  5  6  7  8  9 10 11 12 13 |
---------------+----------------------------------------+-----
Dodging        | 1 2 3 |  3.6
Axes           | 3 4 5 6 7 |  7.0
Armour         | 2 3 4 5 6 7 8 |  8.6
Fighting       | 4 5 6 7 8 9 10 | 10.5
Maces & Flails | 2 5 7 8 9 10 | 10.0
Evocations     | 3 4 5 |  5.3
Shields        | 5 6 |  6.9

Action                   |  1- 3 |  4- 6 |  7- 9 | 10-12 | 13-15 || total
-------------------------+-------+-------+-------+-------+-------++-------
Melee: Hand axe          |    88 |    85 |   103 |   268 |    10 ||   554
       Flail             |       |    79 |   566 |  1386 |   141 ||  2172
       War axe           |       |     7 |    24 |       |    61 ||    92
Throw: Throwing net      |       |       |       |     1 |       ||     1
Evoke: Wand              |       |       |     1 |    22 |     1 ||    24
       Sack of spiders   |       |       |       |     4 |       ||     4
       Fan of gales      |       |       |       |     1 |     1 ||     2
  Use: Scroll            |       |     4 |     8 |     8 |     1 ||    21
 Stab: Confused          |       |     1 |     3 |       |       ||     4
       Invisible         |       |     2 |       |     2 |       ||     4
       Sleeping          |       |     1 |       |       |       ||     1
       Paralysed         |       |       |     1 |       |       ||     1
Armor: Leather armour    |    29 |    65 |   224 |       |       ||   318
       Plate armour      |       |       |   272 |   891 |       ||  1163
       Storm dragon scal |       |       |       |   320 |    78 ||   398
Dodge: Dodged            |    60 |   111 |   406 |   469 |    38 ||  1084
Block: Other             |       |       |       |    43 |       ||    43
       Shield            |       |       |       |   548 |   178 ||   726
       Reflection        |       |       |       |    10 |     6 ||    16

Vault maps used:
D:1:      dpeg_arrival_lava_altar, nicolae_ashenzari_panopticon
D:2:      lemuel_coloured_pillars_altar, chequers_ecumenical_altar_simple,
          uniq_sigmund
D:3:      fiery_altar_vehumet, first_ration, uniq_robin
D:4:      uniq_blork_the_orc
D:5:      tso_altar
D:6:      minmay_temple_entry_trees, serial_shops, shop, st_stairs_9,
          minmay_misc_feat_nine_boxes, nrook_mini_vaults, uniq_pikel
D:7:      lemuel_crystal_altar, old_standard_altar
D:9:      orc_0_dummy, uniq_joseph
D:10:     erik_lair_orcish_takeover, basic_altar, uniq_erica
D:11:     basic_altar
Lair:1:   basic_altar, lemuel_fruit_fields, grunt_megastairs_2
Lair:2:   basic_altar
Lair:3:   elwin_shoals_entry_stream, serial_bayou_ford_a, pond,
          minmay_lair_oklob_chamber
Lair:4:   spider_nest_entry_web_field, lab_entry_generic, minivault_29
Orc:1:    enter_volcano_3, uniq_harold
Orc:2:    pf_orc_diabolical, mines2_david, uniq_josephine
Lab:      nicolae_lab_dead_adventurers, nicolae_lab_garden, nicolae_lab_hexagon,
          labyrinth_lava_lair, lab_fountain, nicolae_lab_big_swirl,
          nicolae_lab_flowing_pool, nicolae_lab_t_cross,
          labyrinth_skeletal_remains
